 Dungeon Crawl Stone Soup version 0.31-a0-934-gf4fcaacff8 (webtiles) character file.

Game seed: 12737230520074131480

282 BinkBink the Slasher (level 6, -1/38 HPs)
             Began as a Tengu Fighter on Oct 20, 2023.
             Was an Initiate of Dithmenos.
             Blown up by a kobold (14 damage)
             ... with a mindburst bolt
             ... on level 4 of the Dungeon.
             The game lasted 00:02:45 (2297 turns).

BinkBink the Slasher (Tengu Fighter)                Turns: 2297, Time: 00:02:45

Health: -1/38      AC:  7    Str: 16    XL:     6   Next: 28%
Magic:  7/7        EV: 10    Int:  9    God:    Dithmenos [......]
Gold:   182        SH:  5    Dex: 15    Spells: 5/5 levels left

rFire   . . .        j - +1 long sword (protect)
rCold   . . .        c - +0 buckler
rNeg    . . .        b - +0 scale mail
rPois   .            (helmet restricted)
rElec   .            (no cloak)
rCorr   .            (no gloves)
SInv    .            (boots unavailable)
Will    .....        o - amulet of faith Stlth
                     (no ring)
HPRegen 0.26/turn    (no ring)
MPRegen 0.10/turn

%: acrobat, faith
@: no status effects
A: beak, talons 3, acrobatic
a: Renounce Religion


You were on level 4 of the Dungeon.
You worshipped Dithmenos.
Dithmenos was noncommittal.
You visited 2 branches of the dungeon, and saw 5 of its levels.

You collected 182 gold pieces.

Inventory:

Hand Weapons
 j - a +1 long sword of protection (weapon)
Armour
 b - a +0 scale mail (worn)
 c - a +0 buckler (worn)
Jewellery
 o - an amulet of faith (around neck)
 q - a +5 ring of evasion
Wands
 a - a wand of mindburst (9)
Scrolls
 f - 5 scrolls of revelation {unknown}
 h - a scroll of poison {unknown}
 i - a scroll of butterflies {unknown}
 l - 2 scrolls of enchant armour {unknown}
 n - a scroll of identify {unknown}
 r - a scroll of amnesia {unknown}
 t - a scroll of teleportation {unknown}
Potions
 d - 2 potions of might
 e - 2 potions of enlightenment {unknown}
 g - 2 potions of heal wounds {unknown}
 k - a potion of attraction {unknown}
 m - a potion of brilliance {unknown}
 p - a potion of berserk rage {unknown}
 s - a potion of curing {unknown}


   Skills:
 + Level 4.0 Fighting
 * Level 4.7 Long Blades
 + Level 4.4 Armour
 + Level 2.7 Dodging
 - Level 3.0 Shields


You had 5 spell levels left.
You didn't know any spells.
Your spell library contained the following spells:

 Spells                   Type           Power      Damage    Failure   Level
 Apportation              Tloc           0%         N/A       87%         1
 Magic Dart               Conj           0%         1d3       87%         1
 Necrotise                Necr           0%         1d4       87%         1
 Summon Small Mammal      Summ           0%         N/A       87%         1
 Confusing Touch          Hex            0%         N/A       99%         3
 Enfeeble                 Hex            0%         N/A       100%        7
 Fire Storm               Conj/Fire      0%         5d1       100%        9


Dungeon Overview and Level Annotations

Branches:
Dungeon (4/15)             Temple (1/1) D:4

Altars:
Ashenzari
Cheibriados
Dithmenos
Elyvilon
Fedhas
Gozag
Nemelex Xobeh
Ru
Sif Muna
Trog
Uskayaw
Wu Jian
Xom
Yredelemnul
The Shining One


Innate Abilities, Weirdness & Mutations

You have a beak for a mouth.
You have claws for feet.
You can magically evade attacks while moving or waiting.


Message History

You slash the scorpion!
The scorpion is severely wounded.
The scorpion stings you.
The scorpion stings you but does no damage.
You hit the scorpion.
The scorpion is almost dead.
You block the scorpion's attack.
You slash the scorpion!
You kill the scorpion!
Dithmenos accepts your kill.
Your Fighting skill increases to level 4!
You have reached level 6!
You see here a scorpion corpse.
A quokka comes into view.
A quokka is nearby!
A quokka is nearby!
A quokka is nearby!
A quokka is nearby!
A kobold comes into view.
It is wielding a +0 short sword, quivering poisoned darts and carrying a wand of mindburst.
The kobold shouts!
The kobold zaps a wand.
Your mind is blasted!
The quokka completely misses you.
The kobold zaps a wand.
Your mind is blasted!
The quokka closely misses you.
You are too injured to fight recklessly!
You are too injured to fight recklessly!
You are too injured to fight recklessly!
Unknown command.
You slash the quokka!
Your weapon exudes an aura of protection.
You kill the quokka!
Dithmenos accepts your kill.
The kobold zaps a wand.
You barely resist.
Found an escape hatch in the ceiling.
The kobold zaps a wand.
Your mind is blasted!
* * * LOW HITPOINT WARNING * * *
The kobold throws a poisoned dart.
The poisoned dart completely misses you.
There is an escape hatch in the ceiling here.
The kobold zaps a wand.
Your mind is blasted!
You die...

####### ######## #.....#
#.@....############
#.....########......#...........
##............#......#...........
####...###....#......#.......†...
##............#......#......####.
.#.##.#.......#......#......# #.
......#.......#......#...#### #)
....#.#.......#.....K#...########
....#.#...................K...# #


You could see a kobold.

Vanquished Creatures
  Menkaure (D:4)
  A scorpion (D:4)
  An iguana (D:4)
  A gnoll (D:1)
  2 adders
  A dart slug (D:3)
  An orc (D:3)
  2 ball pythons
  5 endoplasms
  3 giant cockroaches (D:1)
  9 hobgoblins
  2 quokkas
  2 bats
  4 frilled lizards
  A goblin (D:1)
  6 kobolds
  4 rats
46 creatures vanquished.

Notes
Turn   | Place    | Note
-------+----------+-------------------------------------------
     0 | D:1      | BinkBink the Tengu Fighter began the quest for the Orb.
     0 | D:1      | Reached XP level 1. HP: 14/14 MP: 2/2
     0 | D:1      | Noticed a merfolk zombie
    21 | D:1      | Noticed a demonspawn zombie
   124 | D:1      | Reached XP level 2. HP: 19/19 MP: 3/3
   385 | D:1      | Reached skill level 1 in Dodging
   429 | D:1      | Reached XP level 3. HP: 22/23 MP: 4/4
  1124 | D:3      | Identified the of Ygod
  1468 | D:3      | Found a basalt altar of Yredelemnul.
  1477 | D:3      | Reached XP level 4. HP: 28/28 MP: 5/5
  1895 | D:4      | Found a staircase to the Ecumenical Temple.
  1991 | Temple   | Entered the Ecumenical Temple
  2000 | Temple   | Became a worshipper of Dithmenos the Shadowed
  2057 | D:4      | Noticed Menkaure
  2061 | D:4      | Killed Menkaure
  2062 | D:4      | Reached XP level 5. HP: 33/33 MP: 6/6
  2260 | D:4      | Reached XP level 6. HP: 33/38 MP: 7/7
  2297 | D:4      | Blown up by a kobold

Illustrated notes

Levels and vault maps discovered:
D:1:      shiori_arrival_whats_in_store_for_you, layout_basic
D:2:      layout_rooms, solitary_fountain, minivault_11
D:3:      layout_basic, yredelemnul_altar_generic,
          amcnicky_mini_rare_corridor_liquid, minmay_tree_intersection,
          minmay_misc_feat_square
D:4:      layout_basic, minmay_temple_entry_arrows, serial_corexii_hall,
          corexii_hall_statues_x, corexii_hall_statues_l, uniq_menkaure
Temple:   eino_temple_lava

Skill      XL: |  1  2  3  4  5 |
---------------+----------------+-----
Dodging        | 1 2 |  2.7
Long Blades    | 3 4 |  4.7
Armour         | 4 |  4.4
Fighting       | 4 |  4.0
Shields        | |  3.0

Action                     |  1- 3 |  4- 6 || total
---------------------------+-------+-------++-------
  Melee: Long sword        |    68 |    47 ||   115
         Kick              |    19 |     5 ||    24
         Peck              |     9 |     7 ||    16
 Armour: Scale mail        |    25 |    25 ||    50
  Dodge: Dodged            |    35 |    22 ||    57
  Block: Buckler           |    18 |    13 ||    31

Table legend: (Time is in decaauts)
 A = Elapsed time spent in this place.
 B = Non-inter-level travel time spent in this place.
 C = Inter-level travel time spent in this place.
 D = Time resting spent in this place.
 E = Time spent auto-exploring this place.
 F = Levels seen in this place.
 G = Mean time per level.
                   A        B        C        D        E       F      G
               +--------+--------+--------+--------+--------+-----+--------+
         Total |   2327 |   2215 |    112 |      0 |   1830 |   5 |  465.4 |
       Dungeon |   2309 |   2214 |     95 |      0 |   1830 |   4 |  577.2 |
        Temple |     18 |      1 |     17 |      0 |      0 |   1 |   18.0 |
               +--------+--------+--------+--------+--------+-----+--------+

Top non-repeatable levels by time:
     D:1: 708 daAuts
     D:3: 650 daAuts
     D:4: 518 daAuts
     D:2: 431 daAuts
  Temple: 18 daAuts
